 Dungeon Crawl Stone Soup version bcrawl-1.41.1 (webtiles) character file.

Game seed: 9877393023457491700

363525 Yshiel the Thaumaturge (level 11, -10/83 HPs)
             Began as a Gnoll Ice Elementalist on Apr 13, 2024.
             Was a High Priest of Elyvilon.
             Mangled by a nine-headed hydra (13 damage)
             ... on level 9 of the Dungeon.
             The game lasted 01:07:00 (10666 turns).

Yshiel the Thaumaturge (Gnoll Ice Elementalist)    Turns: 10666, Time: 01:07:01

Health: -10/83     AC: 10    Str: 11    XL:     11   Next: 73%
Magic:  0/23       EV: 18    Int: 23    God:    Elyvilon [*****.]
Gold:   513        SH:  0    Dex: 19    Spells: 25/26 levels left

rFire    . . .     GDR:     35% B - +4 hand axe (chop)
rCold    . . .     SeeInvis .   (no shield)
rNeg     . . .     Gourm    .   i - +0 troll leather armour
rPois    .         Faith    .   P - +2 hat
rElec    .         Spirit   +   L - +1 cloak
rCorr    +         Reflect  .   (no gloves)
MR       .....                  m - +0 pair of boots
Stlth    ++........             C - amulet of guardian spirit
HPRegen  0.63/turn              F - ring of resist corrosion
MPRegen  0.18/turn              a - +6 ring of intelligence

@: about to teleport, very slow
A: distributed training, fangs 1, strong nose
a: Lesser Healing, Heal Other, Purification, Greater Healing, Divine Vigour,
Divine Protection, Renounce Religion


You were on level 9 of the Dungeon.
You worshipped Elyvilon.
Elyvilon was extremely pleased with you.
You were not hungry.

You visited 1 branch of the dungeon, and saw 9 of its levels.
You also visited: Sewer, Ossuary and Bailey.

You collected 513 gold pieces.

Inventory:

Hand Weapons
 j - a +1 short sword
 B - a +4 hand axe of chopping (weapon)
 G - a +0 halberd of electrocution
 H - a +2 halberd of electrocution
 M - a +2 trident of flaming
 S - a +1 hand axe of flaming
Missiles
 k - 1168 poisoned tomahawks (quivered)
 O - 4 throwing nets {=f}
Armour
 i - a +0 troll leather armour (worn)
 m - a +0 pair of boots (worn)
 E - a +2 ring mail of cold resistance
 L - a +1 cloak (worn)
 P - a +2 hat (worn)
Magical Staves
 D - an uncursed staff of wizardry
Jewellery
 a - a +6 ring of intelligence (right hand)
 C - an amulet of guardian spirit (around neck)
 F - a ring of resist corrosion (left hand)
Wands
 c - a wand of iceblast (6)
 q - a wand of random effects (11)
 N - a wand of scattershot (6)
 Q - a wand of flame (15)
 R - a wand of clouds (5)
Scrolls
 d - a scroll of blinking {unknown}
 g - 2 scrolls of fear {unknown}
 o - a scroll of enchant armour {unknown}
 t - 2 scrolls of noise {unknown}
 u - 3 scrolls of teleportation
 w - 3 scrolls of fog {unknown}
 y - 3 scrolls of immolation {unknown}
 A - 2 scrolls of remove curse
Potions
 b - 10 potions of curing
 f - 3 potions of flight
 h - a potion of resistance {unknown}
 l - 2 potions of might
 n - 3 potions of invisibility
 p - a potion of agility {unknown}
 r - 7 potions of mutation
 v - 2 potions of cancellation
 x - 4 potions of lignification
 z - a potion of brilliance {unknown}
 I - 2 potions of magic {unknown}
 J - a potion of experience {unknown}
 K - a potion of berserk rage {unknown}
Comestibles
 e - 16 rations {!d}


   Skills:
 + Level 6.4 Fighting
 + Level 6.4 Short Blades
 + Level 6.4 Long Blades
 + Level 6.4 Axes
 + Level 6.4 Maces & Flails
 + Level 6.4 Polearms
 + Level 6.4 Staves
 + Level 6.4 Slings
 + Level 6.4 Bows
 + Level 6.4 Crossbows
 + Level 6.4 Throwing
 + Level 6.4 Armour
 + Level 8.0 Dodging
 + Level 8.0 Stealth
 + Level 6.4 Shields
 + Level 6.4 Unarmed Combat
 + Level 8.2 Spellcasting
 + Level 5.8 Conjurations
 + Level 5.3 Hexes
 + Level 5.3 Charms
 + Level 5.3 Summonings
 + Level 5.3 Necromancy
 + Level 5.3 Translocations
 + Level 5.3 Transmutations
 + Level 5.3 Fire Magic
 + Level 7.7 Ice Magic
 + Level 5.3 Air Magic
 + Level 5.3 Earth Magic
 + Level 5.3 Poison Magic
 + Level 7.1 Invocations
 + Level 6.4 Evocations


You had 25 spell levels left.
You knew the following spells:

 Your Spells              Type           Power        Failure   Level  Hunger
a - Freeze                Ice            #####.       1%          1    None

Your spell library contained the following spells:

 Spells                   Type           Power        Failure   Level  Hunger
 Beastly Appendage        Tmut           ####..       1%          1    None
 Static Discharge         Air            ####..       1%          1    None
 Passwall                 Tmut/Erth      ####....     1%          2    None
 Shock                    Conj/Air       #####..      1%          2    None
 Sticks to Snakes         Tmut           ####....     1%          2    None
 Swiftness                Chrm/Air       ####....     1%          2    None
 Throw Frost              Conj/Ice       #####.       1%          2    None
 Ozocubu's Armour         Chrm/Ice       #####...     1%          3    None
 Mephitic Cloud           Conj/Pois/Air  ####....     2%          3    None
 Spider Form              Tmut/Pois      ###          2%          3    None
 Throw Icicle             Conj/Ice       #####...     5%          4    ###....
 Ice Form                 Ice/Tmut       #####...     6%          4    ###....
 Summon Ice Beast         Ice/Summ       #####...     6%          4    ###....
 Lightning Bolt           Conj/Air       #####...     9%          4    ###....
 Blade Hands              Tmut           ####......   26%         5    #####..


Dungeon Overview and Level Annotations

Branches:
Dungeon (9/12)             Temple (0/1) D:4            Lair (0/6) D:8
    Orc (0/1) D:8

Altars:
Ashenzari
Dithmenos
Elyvilon
Fedhas
Gozag
Hepliaklqana
Qazlal
Uskayaw
Zin


Innate Abilities, Weirdness & Mutations

Your experience applies equally to all skills.
You have very sharp teeth.
Your uncanny sense of smell can sniff out nearby items.


Message History

The kobold brigand barely misses you.
Press: ? - help, v - describe, . - travel
As you read the scroll of teleportation, it crumbles to dust.
You feel strangely unstable.
The nine-headed hydra is no longer moving slowly.
The nine-headed hydra bites you but does no damage.
The nine-headed hydra misses you. The nine-headed hydra bites you!
* * * LOW HITPOINT WARNING * * *
The nine-headed hydra bites you but does no damage.
The nine-headed hydra misses you. The nine-headed hydra bites you!
* * * LOW HITPOINT WARNING * * *
The nine-headed hydra closely misses you.
The nine-headed hydra bites you but does no damage.
The nine-headed hydra closely misses you.
The kobold brigand hits you but does no damage.
You enter the shallow water.
Moving in this stuff is going to be slow.
The nine-headed hydra completely misses you.
The nine-headed hydra bites you!
You die...

##########.....#...§§§
#.%'.....##......#§§§§
#).#.....##.##.# #§§.
#+###'''###.##.# #§.
#.≈P.....##.##.######.
#P≈≈.....#............
#≈≈P..P..###..########
#P≈.KD..(#.........#
#PP≈.@.≈.####..###.#
#####.####<......#.#
#÷.#.#####.#.#.#
##.#.......#.#.#
#.#######.#.#.#
#..)........#.#
##########.##.#
#.....# #######


You could see a nine-headed hydra and a kobold brigand.

Vanquished Creatures
  Gastronok (D:8)
  Harold (D:8)
  A two-headed ogre (D:9)
  A komodo dragon (D:5)
  2 trolls
  A meliai zombie (D:8)
  2 dream sheep (D:9)
  A hippogriff (D:8)
  Sigmund (D:6)
  2 yaks (D:9)
  2 crocodiles (D:8)
  2 porcupines (D:8)
  An ice beast (D:8)
  4 orc warriors
  An ogre (D:6)
  8 black bears (D:8)
  2 sky beasts
  A phantom (D:7)
  4 bullfrogs
  7 kobold brigands
  A gnoll sergeant (D:7)
  2 water moccasin zombies (Ossuary)
  2 centaurs
  4 scorpions
  6 killer bees (D:8)
  4 wights (D:5)
  6 howler monkeys
  3 orc priests
  4 crimson imps
  A bullfrog zombie (D:6)
  4 hounds
  3 orc wizards
  2 bullfrog skeletons
  4 iguanas
  7 worker ants
  4 kobold zombies (Ossuary)
  A hound zombie (D:8)
  A hound skeleton (D:8)
  2 mummies (Ossuary)
  Robin (D:4)
  16 gnolls
  2 howler monkey skeletons
  6 adders
  A river rat (D:3)
  7 adder zombies
  An adder skeleton (D:4)
  3 worms
  4 dart slugs
  3 leopard geckos
  20 orcs
  10 bats
  2 giant cockroaches (D:1)
  4 gnoll zombies (Ossuary)
  11 goblins
  18 hobgoblins
  4 jackals
  A quokka (D:2)
  A ball python (D:3)
  6 frilled lizards
  2 hobgoblin zombies (Ossuary)
  A jackal skeleton (D:6)
  A jackal zombie (D:5)
  39 kobolds
  3 orc zombies (Ossuary)
  9 rats
  A spectral goblin (D:4)
  2 fungi (D:7)
  3 plants (D:7)
288 creatures vanquished.

Vanquished Creatures (others)
  43 fungi (D:8)
  40 plants (D:8)
  13 toadstools (D:7)
96 creatures vanquished.

Grand Total: 384 creatures vanquished

Notes
Turn   | Place    | Note
-------+----------+-------------------------------------------
     0 | D:1      | Yshiel the Gnoll Ice Elementalist began the quest for the
                  | Orb.
     0 | D:1      | Reached XP level 1. HP: 13/13 MP: 6/6
   104 | D:1      | Reached XP level 2. HP: 19/19 MP: 5/7
   740 | D:1      | Reached XP level 3. HP: 25/25 MP: 9/9
   865 | D:2      | Noticed a scorpion
   869 | D:2      | Reached skill level 5 in Spellcasting
   875 | D:2      | Killed a scorpion
   876 | D:2      | Reached skill level 1 in Fighting
   876 | D:2      | Reached skill level 1 in Short Blades
   876 | D:2      | Reached skill level 1 in Long Blades
   876 | D:2      | Reached skill level 1 in Axes
   876 | D:2      | Reached skill level 1 in Maces & Flails
   876 | D:2      | Reached skill level 1 in Polearms
   876 | D:2      | Reached skill level 1 in Staves
   876 | D:2      | Reached skill level 1 in Slings
   876 | D:2      | Reached skill level 1 in Bows
   876 | D:2      | Reached skill level 1 in Crossbows
   876 | D:2      | Reached skill level 1 in Throwing
   876 | D:2      | Reached skill level 1 in Armour
   876 | D:2      | Reached skill level 1 in Shields
   876 | D:2      | Reached skill level 1 in Unarmed Combat
   876 | D:2      | Reached skill level 1 in Invocations
   876 | D:2      | Reached skill level 1 in Evocations
   876 | D:2      | Reached XP level 4. HP: 20/32 MP: 3/11
  1286 | D:2      | Reached skill level 1 in Hexes
  1286 | D:2      | Reached skill level 1 in Charms
  1286 | D:2      | Reached skill level 1 in Summonings
  1286 | D:2      | Reached skill level 1 in Necromancy
  1286 | D:2      | Reached skill level 1 in Translocations
  1286 | D:2      | Reached skill level 1 in Transmutations
  1286 | D:2      | Reached skill level 1 in Fire Magic
  1286 | D:2      | Reached skill level 1 in Air Magic
  1286 | D:2      | Reached skill level 1 in Earth Magic
  1286 | D:2      | Reached skill level 1 in Poison Magic
  1427 | D:3      | Found a glowing drain.
  1450 | Sewer    | Entered a sewer
  1455 | Sewer    | Reached XP level 5. HP: 28/37 MP: 4/12
  1517 | Sewer    | Noticed a kobold brigand
  1555 | Sewer    | Killed a kobold brigand
  1616 | Sewer    | Found a glowing silver altar of Zin.
  1718 | D:4      | Found a sand-covered staircase.
  1723 | Ossuary  | Entered an ossuary
  1801 | Ossuary  | Reached XP level 6. HP: 28/44 MP: 11/13
  2035 | Ossuary  | Reached skill level 5 in Dodging
  2035 | Ossuary  | Reached skill level 5 in Stealth
  2224 | D:3      | Found an opulent altar of Gozag.
  2402 | D:2      | Found a white marble altar of Elyvilon.
  2471 | D:2      | Became a worshipper of Elyvilon the Healer
  2486 | D:2      | Reached XP level 7. HP: 38/50 MP: 10/15
  3266 | D:3      | Found a faded altar of an unknown god.
  3360 | D:3      | Found a glowing silver altar of Zin.
  3674 | D:4      | Found a staircase to the Ecumenical Temple.
  3735 | D:4      | Reached * piety under Elyvilon
  3890 | D:5      | Entered Level 5 of the Dungeon
  3942 | D:4      | Noticed Robin
  3951 | D:4      | Killed Robin
  4282 | D:5      | Reached ** piety under Elyvilon
  4468 | D:4      | Reached XP level 8. HP: 57/57 MP: 12/16
  4659 | D:4      | Found a hazy altar of Hepliaklqana.
  5174 | D:6      | Reached *** piety under Elyvilon
  5715 | D:5      | Noticed a komodo dragon
  5728 | D:5      | Killed a komodo dragon
  6015 | D:5      | Found a stormy altar of Qazlal.
  6292 | D:5      | Reached XP level 9. HP: 56/65 MP: 14/18
  6655 | D:6      | Noticed Sigmund
  6684 | D:6      | Killed Sigmund
  7081 | D:6      | Reached **** piety under Elyvilon
  7400 | D:7      | Found a blossoming altar of Fedhas.
  7552 | D:7      | Found a flagged portal.
  7583 | Bailey   | Entered a bailey
  7927 | Bailey   | Reached skill level 5 in Invocations
  8170 | D:7      | Noticed a troll
  8473 | D:7      | Killed a troll
  8474 | D:7      | Reached XP level 10. HP: 18/73 MP: 5/20
  8475 | D:7      | Elyvilon protects you from harm!
  8477 | D:7      | Elyvilon protects you from harm!
  9140 | D:8      | Reached skill level 5 in Fighting
  9140 | D:8      | Reached skill level 5 in Short Blades
  9140 | D:8      | Reached skill level 5 in Long Blades
  9140 | D:8      | Reached skill level 5 in Axes
  9140 | D:8      | Reached skill level 5 in Maces & Flails
  9140 | D:8      | Reached skill level 5 in Polearms
  9140 | D:8      | Reached skill level 5 in Staves
  9140 | D:8      | Reached skill level 5 in Slings
  9140 | D:8      | Reached skill level 5 in Bows
  9140 | D:8      | Reached skill level 5 in Crossbows
  9140 | D:8      | Reached skill level 5 in Throwing
  9140 | D:8      | Reached skill level 5 in Armour
  9140 | D:8      | Reached skill level 5 in Shields
  9140 | D:8      | Reached skill level 5 in Unarmed Combat
  9140 | D:8      | Reached skill level 5 in Evocations
  9214 | D:8      | Noticed Harold
  9259 | D:8      | Killed Harold
  9441 | D:8      | Reached skill level 5 in Conjurations
  9600 | D:8      | Found a staircase to the Lair.
  9693 | D:8      | Found a staircase to the Orcish Mines.
  9826 | D:8      | Noticed Gastronok
  9843 | D:8      | Killed Gastronok
  9844 | D:8      | Reached skill level 5 in Hexes
  9844 | D:8      | Reached skill level 5 in Charms
  9844 | D:8      | Reached skill level 5 in Summonings
  9844 | D:8      | Reached skill level 5 in Necromancy
  9844 | D:8      | Reached skill level 5 in Translocations
  9844 | D:8      | Reached skill level 5 in Transmutations
  9844 | D:8      | Reached skill level 5 in Fire Magic
  9844 | D:8      | Reached skill level 5 in Air Magic
  9844 | D:8      | Reached skill level 5 in Earth Magic
  9844 | D:8      | Reached skill level 5 in Poison Magic
  9844 | D:8      | Reached XP level 11. HP: 52/81 MP: 12/23
  9926 | D:8      | Reached ***** piety under Elyvilon
 10257 | D:8      | Found a hide-covered altar of Uskayaw.
 10258 | D:8      | Found a shattered altar of Ashenzari.
 10357 | D:9      | Noticed a two-headed ogre
 10388 | D:9      | Killed a two-headed ogre
 10531 | D:9      | Noticed a three-headed hydra
 10545 | D:9      | Found a shadowy altar of Dithmenos.
 10665 | D:9      | HP: 2/83 [nine-headed hydra (7)]
 10666 | D:9      | Mangled by a nine-headed hydra

Skill      XL: |  1  2  3  4  5  6  7  8  9 10 11 |
---------------+----------------------------------+-----
Conjurations   | 2 3 4 5 |  5.8
Spellcasting   | 5 6 7 8 |  8.2
Fighting       | 1 2 3 4 6 |  6.4
Short Blades   | 1 2 3 4 6 |  6.4
Long Blades    | 1 2 3 4 6 |  6.4
Axes           | 1 2 3 4 6 |  6.4
Maces & Flails | 1 2 3 4 6 |  6.4
Polearms       | 1 2 3 4 6 |  6.4
Staves         | 1 2 3 4 6 |  6.4
Slings         | 1 2 3 4 6 |  6.4
Bows           | 1 2 3 4 6 |  6.4
Crossbows      | 1 2 3 4 6 |  6.4
Throwing       | 1 2 3 4 6 |  6.4
Armour         | 1 2 3 4 6 |  6.4
Shields        | 1 2 3 4 6 |  6.4
Unarmed Combat | 1 2 3 4 6 |  6.4
Invocations    | 1 2 3 4 5 6 7 |  7.1
Evocations     | 1 2 3 4 6 |  6.4
Hexes          | 1 2 3 5 |  5.3
Charms         | 1 2 3 5 |  5.3
Summonings     | 1 2 3 5 |  5.3
Necromancy     | 1 2 3 5 |  5.3
Translocations | 1 2 3 5 |  5.3
Transmutations | 1 2 3 5 |  5.3
Fire Magic     | 1 2 3 5 |  5.3
Air Magic      | 1 2 3 5 |  5.3
Earth Magic    | 1 2 3 5 |  5.3
Poison Magic   | 1 2 3 5 |  5.3
Dodging        | 5 6 7 8 |  8.0
Stealth        | 5 6 7 8 |  8.0
Ice Magic      | 6 7 |  7.7

Action                   |  1- 3 |  4- 6 |  7- 9 | 10-12 || total
-------------------------+-------+-------+-------+-------++-------
Melee: Unarmed           |    16 |       |       |       ||    16
       Short sword       |     8 |   246 |    37 |       ||   291
       Bite              |     4 |    35 |    56 |    45 ||   140
       Punch             |       |     3 |     9 |     8 ||    20
       Hand axe          |       |       |   329 |   243 ||   572
Throw: Tomahawk          |       |       |       |    36 ||    36
 Cast: Freeze            |    25 |    60 |    58 |    20 ||   163
Invok: Purification      |       |       |     1 |       ||     1
       Lesser Healing    |       |       |     1 |       ||     1
       Greater Healing   |       |       |       |     1 ||     1
Evoke: Wand              |       |       |     1 |       ||     1
  Use: Scroll            |       |       |    13 |     5 ||    18
       Potion            |       |       |     1 |     8 ||     9
 Stab: Sleeping          |       |     9 |    13 |     1 ||    23
  Eat: Chunk             |     1 |     5 |    20 |    18 ||    44
       Ration            |       |     2 |     3 |       ||     5
Armor: Robe              |     9 |    38 |    16 |       ||    63
       Ring mail         |       |       |    83 |    97 ||   180
       Troll leather arm |       |       |       |    69 ||    69
Dodge: Dodged            |    35 |   211 |   410 |   413 ||  1069
